 Dungeon Sprint DCSS version 0.23-a0-666-g28d4f2f0af (webtiles) character file.

355 Denreik the Fighter (level 6, 0/69 HPs)
             Began as a Formicid Fighter on Jan 8, 2019.
             Slain by a quasit (1 damage)
             ... summoned by a neqoxec
             ... in the Dungeon (Sprint II: "The Violet Keep of Menkaure").
             The game lasted 00:01:27 (70 turns).

Denreik the Fighter (Formicid Fighter)                Turns: 70, Time: 00:01:28

Health: 0/69       AC:  6    Str: 21      XL:     6   Next: 95%
Magic:  6/6        EV:  7    Int: -3 (7)  God:
Gold:   486        SH:  8    Dex:  5 (10) Spells: 5/5 levels left

rFire    . . .     SeeInvis +   a - +0 quarterstaff
rCold    . . .     Gourm    .   c - +0 shield
rNeg     . . .     Faith    .   b - +0 scale mail
rPois    .         Spirit   .   (helmet unavailable)
rElec    .         Reflect  .   (no cloak)
rCorr    .         Harm     .   (no gloves)
MR       .....                  (no boots)
Stlth    ..........             (no amulet)
HPRegen  0.21/turn              (no ring)
MPRegen  0.10/turn              (no ring)

@: slowed, lost intelligence, very slow
A: permanent stasis, dig shafts and tunnels, four strong arms, antennae 3,
screaming 1, weak 1
a: Dig


You were in the Dungeon.
You were not hungry.

You visited 1 branch You collected 486 gold pieces.

Inventory:

Hand Weapons
 a - a +0 quarterstaff (weapon)
 d - a +0 trident
Armour
 b - a +0 scale mail (worn)
 c - a +0 shield (worn)
Scrolls
 k - a scroll of blinking
Potions
 e - a potion of curing
 h - a potion of haste
 i - 2 potions of magic
 j - a potion of berserk rage
Comestibles
 f - a ration
 l - 3 chunks of flesh


   Skills:
 - Level 14.4 Fighting
 - Level 2.0 Staves
 - Level 3.2 Armour
 * Level 3.6 Shields


You had 5 spell levels left.
You didn't know any spells.
Your spell library was empty.

Dungeon Overview and Level Annotations

Branches:
Dungeon (1/1)

Altars:


Innate Abilities, Weirdness & Mutations

You cannot be hasted, slowed, berserked, paralysed or teleported.
You can dig through walls and to a lower floor.
Your four strong arms can wield two-handed weapons with a shield.
You have a pair of large antennae on your head. (SInv)
You occasionally shout uncontrollably at your foes.
You are weak. (Str -2)


Message History

The quasit bites you but does no damage.
The quasit claws you but does no damage. x2
The neqoxec gestures at you.
Strange energies course through your body.
You feel the urge to shout. The neqoxec gestures at you.
Something tries to feed on your intellect!
The ufetubus hits you but does no damage.
You block the ufetubus's attack.
The quasit bites you but does no damage.
The quasit claws you but does no damage.
The quasit barely misses you. The neqoxec hits you.
* * * LOW HITPOINT WARNING * * *
The neqoxec gestures.
The quasit bites you but does no damage.
You block the quasit's attack.
The quasit claws you but does no damage.
You extend your mandibles.
You dig through the rock wall.
The quasit bites you.
You die...

### ## {
55##5# { ###
333# ##.###3#
{ #...#@.####
+.#.'5<55.#
#...##.##...#
##.###+###.##
###


H#H ## .# #. ## ## { You could see 3 neqoxecs, a quasit, a crimson imp, a shadow
imp and an ufetubus.

Vanquished Creatures
  A merfolk siren (D)
  2 worms (D)
3 creatures vanquished.

Vanquished Creatures (others)
  Menkaure (D)
  A crocodile (D)
2 creatures vanquished.

Grand Total: 5 creatures vanquished

Notes
Turn   | Place    | Note
-------+----------+-------------------------------------------
     0 | D        | Denreik the Formicid Fighter began the quest for the Orb.
     0 | D        | Reached XP level 1. HP: 18/18 MP: 1/1
     2 | D        | Noticed a merfolk siren
    15 | D        | Killed a merfolk siren
    15 | D        | Reached skill level 14 in Fighting
    15 | D        | Reached XP level 2. HP: 31/43 MP: 2/2
    15 | D        | Reached XP level 3. HP: 35/49 MP: 3/3
    15 | D        | Reached XP level 4. HP: 40/56 MP: 4/4
    15 | D        | Reached XP level 5. HP: 44/62 MP: 5/5
    15 | D        | Reached XP level 6. HP: 49/69 MP: 6/6
    25 | D        | Noticed a hippogriff
    25 | D        | Noticed a hippogriff
    49 | D        | Noticed a neqoxec
    49 | D        | Noticed a neqoxec
    49 | D        | Noticed a neqoxec
    49 | D        | Noticed a neqoxec
    52 | D        | Gained mutation: You are weak. (Str -2) [a neqoxec]
    55 | D        | Gained mutation: You are robust. (+10% HP) [a neqoxec]
    62 | D        | Lost intelligence.
    63 | D        | Lost mutation: You are robust. (+10% HP) [a neqoxec]
    66 | D        | Killed Menkaure
    68 | D        | HP: 3/69 [neqoxec (10)]
    69 | D        | Gained mutation: You occasionally shout uncontrollably at
                  | your foes. [a neqoxec]
    69 | D        | HP: 1/69 [neqoxec (3)]
    70 | D        | Slain by a quasit

Vault maps used:
D:        the_violet_keep_of_menkaure

Skill      XL: |  1 |
---------------+----+-----
Fighting       | 14 | 14.4
Staves         | |  2.0
Armour         | |  3.2
Shields        | |  3.6

Action                   |  1- 3 |  4- 6 || total
-------------------------+-------+-------++-------
Melee: Quarterstaff      |    10 |    24 ||    34
 Abil: Dig               |       |     1 ||     1
  Use: Potion            |     1 |     1 ||     2
Armor: Scale mail        |       |    56 ||    56
Dodge: Dodged            |       |    24 ||    24
Block: Shield            |       |    28 ||    28

Table legend:
 A = Non-vault XP
 B = Vault XP
 C = Vault XP percentage of total XP
 D = Non-vault monster count
 E = Vault monster count
 F = Vault count percentage of total count
                 A         B        C        D         E       F
            +---------+---------+-------+---------+---------+-------
      Total |       0 |     508 | 100.0 |       0 |       3 | 100.0
            +---------+---------+-------+---------+---------+-------
          D |       0 |     508 | 100.0 |       0 |       3 | 100.0
            +---------+---------+-------+---------+---------+-------
